 Dungeon Crawl Stone Soup version 0.30.1-11-g7821555f0a (webtiles) character file.

Game seed: 523789047925326193

3258 eliilek the Protected (level 9, -2/77 (80) HPs)
             Began as a Minotaur Fighter on Dec 18, 2023.
             Was a Believer of Ru.
             Killed from afar by Erica (24 damage)
             ... with a bolt of poison
             ... on level 8 of the Dungeon.
             The game lasted 00:16:54 (6909 turns).

eliilek the Protected (Minotaur Fighter)            Turns: 6909, Time: 00:16:54

HP:   -2/77 (80)    AC: 16    Str: 23    XL:     9   Next: 68%
MP:   8/8           EV: 10    Int:  5    God:    Ru [**....]
Gold: 668           SH:  6    Dex: 18    Spells: 8/8 levels left

rFire   . . .        a - +3 mace
rCold   . . .        c - +0 buckler
rNeg    . . .        n - +0 plate armour
rPois   .            (helmet restricted)
rElec   .            p - +0 cloak
rCorr   .            (no gloves)
SInv    +            (no boots)
Will    .....        (no amulet) Stlth
                     o - ring of see invisible
HPRegen 0.32/turn    u - +6 ring of dexterity
MPRegen 0.11/turn

%: no passive effects
@: lethally poisoned (-2 -> -13), slowed, lightly drained, very slow
A: horns 2, inability to use devices, retaliatory headbutt
a: Renounce Religion


You were on level 8 of the Dungeon.
You worshipped Ru.
Ru was pleased with you.
You visited 1 branch of the dungeon, and saw 8 of its levels.
You also visited: Ossuary.

You collected 668 gold pieces.

Inventory:

Hand Weapons
 a - a +3 mace (weapon)
Missiles
 e - 6 atropa-tipped darts
 l - 16 poisoned darts (quivered)
Armour
 c - a +0 buckler (worn)
 n - a +0 plate armour (worn)
 p - a +0 cloak (worn)
Jewellery
 b - a ring of resist corrosion
 o - a ring of see invisible (left hand)
 u - a +6 ring of dexterity (right hand)
 y - an amulet of regeneration
Scrolls
 g - a scroll of enchant armour {unknown}
 i - a scroll of blinking
 j - 3 scrolls of teleportation
 m - 3 scrolls of magic mapping
 r - a scroll of brand weapon {unknown}
 v - 2 scrolls of immolation {unknown}
 w - 3 scrolls of vulnerability {unknown}
 B - a scroll of fear {unknown}
Potions
 d - 2 potions of might
 f - a potion of ambrosia
 h - a potion of cancellation
 k - 2 potions of curing
 q - 4 potions of mutation
 s - a potion of heal wounds
 t - a potion of berserk rage {unknown}
 x - a potion of haste {unknown}
 z - a potion of lignification
 A - a potion of invisibility
 C - 2 potions of degeneration {unknown}


   Skills:
 + Level 7.6 Fighting
 * Level 7.2 Maces & Flails
 * Level 10.4 Armour
 + Level 6.1 Dodging
 - Level 7.0 Shields


You had 8 spell levels left.
You didn't know any spells.
Your spell library contained the following spells:

 Spells                   Type           Power      Damage    Failure   Level
 Apportation              Tloc           0%         N/A       100%        1
 Freeze                   Ice            0%         1d3       100%        1
 Necrotise                Necr           0%         1d4       100%        1
 Summon Small Mammal      Summ           0%         N/A       100%        1
 Blink                    Tloc           0%         N/A       100%        2
 Cigotuvi's Dreadful Rot  Necr/Pois/Air  0%         N/A       100%        2
 Scorch                   Fire           0%         2d5       100%        2
 Frozen Ramparts          Ice            0%         1d1       100%        3
 Hailstorm                Conj/Ice       0%         3d3       100%        3
 Dispel Undead            Necr           0%         3d6       100%        4
 Flame Wave               Conj/Fire      0%         2d4       100%        4
 Manifold Assault         Tloc           0%         N/A       100%        4
 Death Channel            Necr           0%         N/A       100%        6
 Dispersal                Tloc           0%         N/A       100%        6
 Summon Cactus Giant      Summ           0%         N/A       100%        6
 Storm Form               Tmut/Air       0%         N/A       100%        7
 Disjunction              Tloc           0%         N/A       100%        8


Dungeon Overview and Level Annotations

Branches:
Dungeon (8/15)             Temple (0/1) D:5         Ossuary (visited)
   Lair: D:8-11

Altars:
Elyvilon
Fedhas
Nemelex Xobeh
Okawaru
Ru
Sif Muna
Zin

Shops:
D:2 [   D:8 *

Annotations:
D:8 Erica


Innate Abilities, Weirdness & Mutations

You have a pair of horns on your head.
You cannot study or use magical devices.
You reflexively headbutt those who attack you in melee.


Message History

Erica hits you with a +1 scimitar of flaming.
Erica burns you.
You feel better. Erica casts a spell at you.
You feel yourself slow down.
You hit Erica.
Erica is moderately wounded.
Erica closely misses you.
An orc priest comes into view. It is wielding a +0 club.
The orc priest looks satisfied for a moment.
Erica hits you but does no damage.
You sock Erica!
Erica is heavily wounded.
Erica begins to cast a spell, but is stunned by your conviction!
Erica zaps a wand.
The mass of ice explodes!
The iceblast engulfs you.
The iceblast engulfs Erica!
You closely miss Erica.
Erica is severely wounded.
You block the orc's attack.
Erica points at you and mumbles some strange words.
You feel as though you will be slow longer.
You barely miss Erica. You headbutt Erica, but do no damage.
Erica is severely wounded.
The orc hits you but does no damage. Erica hits you but does no damage.
The orc priest begins to pray, but is stunned by your conviction!
Erica zaps a wand.
The mass of ice explodes!
The iceblast engulfs you but does no damage.
The iceblast engulfs the orc!
The orc dies!
The iceblast engulfs Erica!
You hear a shout!
You hit Erica.
Erica is almost dead.
The orc priest invokes the aid of Beogh against you.
Beogh smites you!
* * * LOW HITPOINT WARNING * * *
Erica points at you and mumbles some strange words.
The bolt of poison hits you!!
You are poisoned.
You die...

#.....# .... #......#....
##...#### #..# #......####.
##...#..# ##..## ####......#.
........# #....# #......#.
........# #....# #......#.
........# ##...o# #......#.
##'###.## #...))########......#.
.....### ####)@##...#......###.
.....# #..@.....#......#...
.....# #........'......#...
.....# #........#......#...
.....##################......###.
#................................
#................................
#................................
#................................
#.....)....................###...


You could see Erica (invisible) and an orc priest.

Vanquished Creatures
  Maurice (D:8)
  A wraith (Ossuary)
  2 steam dragons
  2 water moccasins
  Duvessa (D:6)
  2 black bears (D:6)
  2 orc warriors
  2 ice beasts
  A sky beast (D:7)
  2 ogres
  2 kobold brigands
  2 bullfrogs (D:7)
  4 scorpions
  4 wights (D:8)
  Dowan (D:6)
  A jelly (D:8)
  3 howler monkeys (D:7)
  3 orc priests
  3 hounds
  Natasha (thrice) (D:2)
  2 iguanas
  2 orc wizards
  A mummy (Ossuary)
  8 adders
  2 white imps
  11 orcs
  4 bats
  10 endoplasms
  3 giant cockroaches
  8 goblins
  3 hobgoblins
  11 jackals
  4 quokkas
  6 ball pythons
  5 frilled lizards
  6 gnoll skeletons (Ossuary)
  A goblin zombie (D:5)
  14 kobolds
  6 kobold skeletons (Ossuary)
  13 orc skeletons (Ossuary)
  A quokka zombie (D:5)
  5 rats
168 creatures vanquished.

Vanquished Creatures (others)
  A shadow imp (D:7)
  An orc (D:8)
2 creatures vanquished.

Grand Total: 170 creatures vanquished

Notes
Turn   | Place    | Note
-------+----------+-------------------------------------------
     0 | D:1      | eliilek the Minotaur Fighter began the quest for the Orb.
     0 | D:1      | Reached XP level 1. HP: 19/19 MP: 0/0
   270 | D:1      | Reached XP level 2. HP: 27/27 MP: 1/1
   283 | D:1      | Reached skill level 4 in Armour
  1153 | D:2      | Reached skill level 1 in Dodging
  1192 | D:2      | Reached XP level 3. HP: 33/33 MP: 2/2
  1469 | D:2      | Noticed Natasha
  1475 | D:2      | Killed Natasha
  1476 | D:2      | Reached XP level 4. HP: 29/40 MP: 3/3
  1749 | D:2      | Noticed Natasha
  1759 | D:2      | Killed Natasha
  1760 | D:2      | Reached skill level 5 in Armour
  2004 | D:2      | Found Rywnoynwi's Armour Shop.
  2156 | D:2      | Noticed Natasha
  2162 | D:2      | Killed Natasha
  2163 | D:2      | Reached XP level 5. HP: 47/47 MP: 4/4
  2353 | D:3      | Found a sparkling altar of Nemelex Xobeh.
  2592 | D:4      | Found a blossoming altar of Fedhas.
  2892 | D:4      | Noticed a water moccasin
  2898 | D:4      | Killed a water moccasin
  2899 | D:4      | Reached XP level 6. HP: 48/55 MP: 5/5
  3108 | D:4      | Reached skill level 5 in Fighting
  3108 | D:4      | Reached skill level 6 in Armour
  3158 | D:4      | Reached skill level 5 in Shields
  3393 | D:5      | Entered Level 5 of the Dungeon
  3461 | D:5      | Noticed a water moccasin
  3480 | D:5      | Killed a water moccasin
  3599 | D:5      | Noticed an orc warrior
  3617 | D:5      | Found a sacrificial altar of Ru.
  3625 | D:5      | Became a worshipper of Ru the Awakened
  3649 | D:5      | Killed an orc warrior
  3650 | D:5      | Reached XP level 7. HP: 36/61 MP: 6/6
  3826 | D:5      | Reached skill level 7 in Armour
  3897 | D:5      | Found a sand-covered staircase.
  3904 | Ossuary  | Entered an ossuary
  3904 | Ossuary  | Noticed a wraith
  3904 | Ossuary  | Noticed a wraith
  3904 | Ossuary  | Noticed a wraith
  4043 | Ossuary  | Noticed a wraith
  4071 | Ossuary  | Killed a wraith
  4547 | D:5      | Found a staircase to the Ecumenical Temple.
  4680 | D:5      | Reached XP level 8. HP: 67/70 MP: 7/7
  4838 | D:6      | Reached skill level 8 in Armour
  4855 | D:6      | Gained mutation: You cannot study or use magical devices.
                  | [Ru sacrifice]
  4855 | D:6      | Reached * piety under Ru
  4855 | D:6      | Reached ** piety under Ru
  5189 | D:6      | Noticed Dowan
  5192 | D:6      | Noticed Duvessa
  5203 | D:6      | Killed Duvessa
  5207 | D:6      | Killed Dowan
  5334 | D:6      | Reached skill level 5 in Dodging
  5341 | D:6      | Reached skill level 5 in Maces & Flails
  5341 | D:6      | Reached skill level 9 in Armour
  5343 | D:6      | Found a white marble altar of Elyvilon.
  5413 | D:6      | Found a shimmering blue altar of Sif Muna.
  5808 | D:7      | Reached XP level 9. HP: 77/78 MP: 8/8
  5826 | D:7      | Found an iron altar of Okawaru.
  6280 | D:8      | Noticed Maurice
  6304 | D:8      | Killed Maurice
  6305 | D:8      | Reached skill level 10 in Armour
  6687 | D:8      | Found Zin's Purification Station.
  6690 | D:8      | Found a glowing silver altar of Zin.
  6880 | D:8      | Noticed Erica
  6909 | D:8      | Killed from afar by Erica

Illustrated notes

Levels and vault maps discovered:
D:1:      minmay_arrival_split_and_join, layout_loops_ring,
          serial_bayou_lagoon_b
D:2:      layout_loops_corners, serial_shops, shop, uniq_natasha
D:3:      layout_rooms, nemelex_xobeh_ov_fountains_minmay
D:4:      layout_basic, mainiacjoe_overflow_concentric_impassable
D:5:      layout_basic, nicolae_ru_sacrificial_ziggurat,
          minmay_temple_entry_sparse_star, enter_ossuary_4,
          minmay_gold_behind_fungi, kennysheep_small_spiral,
          guppyfry_early_orc_mine
D:6:      layout_basic, mainiacjoe_overflow_catwalk,
          mainiacjoe_overflow_brackets, minmay_misc_feat_plants,
          dreamdust_mushroom_princess, uniq_duvessa
D:7:      layout_gridville, overflow_temple_1_default
D:8:      layout_gridville, zin_purify, uniq_erica, uniq_maurice

Skill      XL: |  1  2  3  4  5  6  7  8  9 |
---------------+----------------------------+-----
Armour         | 4 5 6 7 9 10 | 10.4
Dodging        | 1 2 3 4 5 6 |  6.1
Shields        | 4 5 6 7 |  7.0
Fighting       | 4 5 6 7 |  7.6
Maces & Flails | 3 5 7 |  7.2

Action                     |  1- 3 |  4- 6 |  7- 9 || total
---------------------------+-------+-------+-------++-------
  Melee: Flail             |    22 |       |       ||    22
         Headbutt          |    17 |    19 |    82 ||   118
         Whip              |    56 |   120 |   322 ||   498
         Mace              |       |       |    11 ||    11
  Throw: Dart              |       |     1 |     4 ||     5
 Invoke: Sacrifice Artific |       |       |     1 ||     1
    Use: Scroll            |       |     3 |     7 ||    10
         Potion            |       |     3 |     2 ||     5
   Stab: Invisible         |       |       |     1 ||     1
 Armour: Scale mail        |    24 |    35 |    42 ||   101
         Plate armour      |       |       |    94 ||    94
  Dodge: Dodged            |    23 |    55 |   110 ||   188
  Block: Buckler           |     8 |    27 |    83 ||   118
